AoeStats
← Dis

Nomad

510101233Analyzed
4v4 RM · 4d ago on Sep 29, 2026· 42m 21s· 8 players
Game mode
Random Map
Map size
231×231
Population
200
Speed
Normal
Resources
Standard
Victory
Conquest
Starting age
Dark Age
Ending age
Imperial Age
RankedLock teamsTeams togetherTeam positionsShared explorationLock speedFull tech treeHidden civsTurbo modeCheats
Victory
Defeat
🇭🇰 Mongols · Hong Kong SAR China
1416
+11
🇨🇦 Danes · Canada
1413
+11
🇨🇳 Persians · China
1376
+13
🇭🇰 Sicilians · Hong Kong SAR China
1310
+16
🇷🇺 Spanish · Russia
1354
-15
🇩🇪 Magyars · Germany
1340
-14
🇨🇴 Celts · Colombia
1317
-13
🇷🇺 Tatars · Russia
1216
-9
MrSchnitzel0682
9:07 Loom
14:29 Feudal Age
20:25 Castle Age
18:26 Double-Bit Axe
23:04 Bow Saw
22:46 Gold Mining
22:38 Horse Collar
24:23 Scale Barding Armor
26:46 Chain Barding Armor
27:17 Town Watch
32:52 Wheelbarrow
33:32 Stone Mining
33:49 Heavy Plow
35:05 Hand Cart
35:16 Corvinian Army
35:47 Town Patrol
37:45 Gold Shaft Mining
40:30 Imperial Age
40:54 Elite Magyar Huszar
42:01 Conscription
Dis
4:40 Loom
14:57 Feudal Age
18:45 Castle Age
16:50 Double-Bit Axe
30:54 Horse Collar
38:56 Wheelbarrow
39:26 Bow Saw
40:45 Hand Cart
zularombr
4:50 Loom
14:51 Feudal Age
18:49 Castle Age
17:30 Fletching
19:58 Medium Warships
21:13 Bodkin Arrow
23:28 Double-Bit Axe
24:21 Bow Saw
23:59 Fishing Lines
26:24 Wheelbarrow
27:11 Gillnets
30:34 Ballistics
31:18 Town Watch
31:56 Clinker Construction
31:59 Careening
35:34 Scale Mail Armor
39:50 Forging
42:43 Hand Cart
Fantom7
14:23 Feudal Age
19:00 Castle Age
17:27 Double-Bit Axe
19:24 Fletching
20:54 Gold Mining
23:53 Padded Archer Armor
24:43 Horse Collar
27:40 Heavy Plow
32:37 Imperial Age
31:16 Bodkin Arrow
31:38 Leather Archer Armor
31:59 Bow Saw
33:55 Wheelbarrow
33:30 Bracer
34:54 Heavy Cavalry Archer
36:10 Ring Archer Armor
37:45 Ballistics
38:25 Chemistry
37:49 Stone Mining
39:54 Bloodlines
39:45 Husbandry
40:16 Forging
40:13 Scale Barding Armor
41:28 Gold Shaft Mining
CaptainQS
4:04 Loom
14:50 Feudal Age
16:08 Double-Bit Axe
16:18 Fletching
22:08 Castle Age
23:27 Medium Warships
23:15 Bodkin Arrow
25:49 Fishing Lines
32:43 Gold Mining
33:05 Bow Saw
34:00 Gold Shaft Mining
36:56 Imperial Age
35:04 Wheelbarrow
35:11 Forging
35:01 Scale Mail Armor
37:56 Elite Jomsviking
38:44 Scale Mail Armor
40:21 Chain Mail Armor
41:45 Iron Casting
41:41 Plate Mail Armor
41:28 Hand Cart
42:19 Conscription
42:21 Ballistics
418436883
3:47 Loom
15:55 Feudal Age
16:33 Double-Bit Axe
17:32 Wheelbarrow
20:07 Castle Age
18:54 Gold Mining
19:08 Fishing Lines
20:10 Stone Mining
21:21 Hand Cart
21:48 Bow Saw
27:06 Bloodlines
26:57 Husbandry
27:49 Gillnets
29:06 Husbandry
33:45 Imperial Age
31:14 Horse Collar
32:13 Gold Shaft Mining
32:14 Stone Shaft Mining
33:55 Scale Barding Armor
34:00 Forging
33:26 Cavalier
35:59 Chain Barding Armor
36:15 Iron Casting
36:43 Savar
38:13 Plate Barding Armor
40:29 Blast Furnace
41:10 Clinker Construction
Aker Starlight
4:27 Loom
14:04 Feudal Age
15:09 Horse Collar
16:54 Double-Bit Axe
23:57 Castle Age
23:20 Fletching
24:46 Bodkin Arrow
26:11 Wheelbarrow
26:21 Bow Saw
30:26 Ballistics
30:13 Scale Mail Armor
34:25 Squires
37:19 Chain Mail Armor
37:24 Masonry
39:07 Murder Holes
39:50 Forging
39:45 Pikeman
41:14 Heavy Plow
crazy ant
6:59 Loom
13:20 Feudal Age
17:53 Castle Age
16:31 Double-Bit Axe
17:33 Fletching
18:42 Bodkin Arrow
24:42 Padded Archer Armor
26:08 Ballistics
25:34 Horse Collar
31:01 Husbandry
30:59 Gold Mining
31:36 Bloodlines
37:04 Imperial Age
35:06 Thumb Ring
37:46 Bracer
40:06 Chemistry
41:13 Conscription
Connection lost

Rejoining the realm…

Still unreachable

The connection could not be restored.

Session expired

The server has moved on; the page needs a fresh start.